Map: Eastwatch LE

Players

Elazer

  • Race: Zerg Zerg
  • Spawn Location: 1:00

Classic - Winner!

  • Race: Protoss Protoss
  • Spawn Location: 7:00

Event: WESG 2017 Haikou

VOD

Have the link to the VOD?

Description

Time

  • Played on: March 17, 2018, 1:33 a.m.
  • Length: 12:17

All games in this series

Show
View Real Time Build Order
Export as new Build Order

Elazer Zerg 

Build Orders: Hatch First, Lurkers, Roach Hydra 

Get SALT Encoding   

  12  0:00  Drone  
  13  0:12  Overlord  
  13  0:17  Drone  
  14  0:30  Drone  
  14  0:31  Drone  
  16  0:48  Hatchery  
  15  0:52  Drone  
  15  0:55  Drone  
  17  0:58  Drone  
  18  1:09  Extractor  
  17  1:13  Spawning Pool  
  17  1:17  Drone  
  17  1:20  Drone  
  18  1:28  Drone  
  19  1:38  Drone  
  20  1:49  Overlord  
  20  2:00  Queen x2  
  20  2:01  Zergling x4  
  26  2:11  Metabolic Boost  
  26  2:13  Drone x2  
  28  2:21  Drone  
  28  2:22  Drone  
  30  2:36  Drone x2  
  32  2:37  Queen  
  34  2:47  Hatchery  
  33  2:52  Overlord  
  33  2:54  Drone  
  33  2:58  Drone  
  35  3:01  Drone  
  36  3:12  Drone x5  
  41  3:17  Queen  
  41  3:19  Overlord  
  43  3:24  Overlord  
  43  3:32  Drone  
  44  3:38  Lair  
  44  3:43  Drone x5  
  44  3:48  Overlord  
  49  3:49  Drone  
  49  3:51  Drone  
  49  3:52  Drone  
  52  3:57  Spore Crawler x2  
  52  4:00  Queen  
  52  4:08  Drone  
  53  4:10  Extractor, Drone, Roach Warren  
  53  4:12  Drone  
  53  4:13  Drone  
  53  4:17  Drone  
  53  4:22  Zergling x8  
  58  4:26  Extractor  
  58  4:27  Overlord, Spore Crawler  
  58  4:30  Drone  
  57  4:33  Zergling x4  
  57  4:36  Zergling x4  
  60  4:45  Nydus Network  
  60  4:46  Drone  
  60  4:51  Roach  
  60  4:52  Overlord  
  62  4:56  Roach x2  
  65  5:00  Drone x4  
  65  5:01  Drone  
  65  5:02  Drone x2  
  65  5:06  Drone x2  
  73  5:08  Drone  
  73  5:09  Overlord  
  73  5:11  Drone  
  73  5:12  Drone  
  75  5:17  Overlord  
  75  5:20  Evolution Chamber  
  75  5:21  Glial Reconstitution  
  72  5:27  Roach x2  
  76  5:30  Roach  
  76  5:33  Roach x2  
  82  5:37  Roach x2  
  82  5:39  Roach  
  82  5:42  Roach  
  90  5:47  Roach x2  
  90  5:48  Overlord  
  90  5:49  Drone x2  
  96  5:52  Zerg Missile Weapons Level 1  
  94  5:58  Drone x3  
  94  6:01  Overseer  
  94  6:03  Drone  
  98  6:07  Drone x3  
  98  6:08  Drone x3  
  103  6:14  Roach  
  105  6:20  Overlord x2  
  105  6:25  Overlord  
  105  6:26  Ravager  
  105  6:30  Extractor  
  105  6:33  Ravager  
  105  6:37  Overlord  
  105  6:39  Roach x7  
  120  6:41  Ravager  
  121  6:50  Overlord  
  121  6:54  Hydralisk Den, Extractor, Drone  
  121  6:55  Drone x2  
  121  6:56  Drone x4  
  121  6:58  Drone  
  121  6:59  Extractor  
  126  7:01  Drone  
  126  7:02  Drone x2  
  126  7:05  Overlord  
  129  7:08  Overlord  
  129  7:09  Hatchery  
  129  7:12  Drone x5  
  133  7:20  Overlord  
  133  7:24  Pneumatized Carapace  
  133  7:27  Overlord  
  133  7:28  Hydralisk x3  
  133  7:29  Hydralisk  
  138  7:39  Overlord  
  138  7:40  Hydralisk x4  
  146  7:47  Muscular Augments  
  146  7:52  Drone x3  
  146  7:53  Drone x2, Overlord  
  146  7:54  Lurker Den  
  150  8:01  Overlord  
  150  8:04  Zerg Missile Weapons Level 2  
  150  8:08  Hydralisk  
  150  8:09  Hydralisk x2  
  156  8:14  Hydralisk x2, Overlord  
  156  8:16  Zergling x10  
  165  8:28  Overlord  
  165  8:32  Hydralisk x3  
  171  8:36  Hydralisk x2  
  171  8:40  Hatchery  
  174  8:43  Hydralisk x3  
  180  8:55  Zergling x14  
  186  8:58  Grooved Spines  
  186  9:05  Overlord  
  186  9:10  Zergling x6  
  186  9:15  Drone, Spire  
  186  9:16  Infestation Pit  
  187  9:21  Extractor x2  
  176  9:24  Drone x3  
  176  9:25  Drone x3  
  176  9:29  Overlord  
  176  9:31  Lurker x4  
  186  9:38  Hydralisk x2  
  186  9:39  Hydralisk  
  182  9:56  Lurker x2  
  182  9:57  Lurker  
  185  10:02  Hive  
  185  10:19  Lurker x4  
  179  10:21  Zergling x10  
  179  10:22  Zergling x24  
  196  10:33  Hydralisk x2  
  167  11:00  Hydralisk x15  
  185  11:08  Hydralisk x3  
  171  11:34  Hydralisk x9  
  171  11:36  Zergling x22  
  195  11:45  Hydralisk x5  
  187  11:51  Hydralisk x2  
  187  11:53  Zergling x4  
Show
View Real Time Build Order
Export as new Build Order

Classic Protoss - Winner!

Build Orders: 1 Gate Expand, Oracle Opening, Phoenix Opening, Archon Immortal, Zealot Archon, Archon Drop 

Get SALT Encoding   

  12  0:00  Probe  
  13  0:12  Probe  
  14  0:19  Pylon  
  14  0:24  Probe  
  15  0:37  Probe (Chrono Boost)  
  15  0:41  Gateway  
  16  0:47  Probe (Chrono Boost), Assimilator  
  17  0:52  Probe (Chrono Boost)  
  18  1:03  Probe  
  19  1:15  Probe  
  20  1:24  Nexus  
  20  1:28  Probe  
  21  1:37  Cybernetics Core  
  21  1:42  Probe  
  22  1:47  Assimilator  
  22  1:53  Pylon  
  22  1:56  Probe  
  23  2:11  Probe  
  23  2:12  Adept (Chrono Boost)  
  26  2:17  Stargate  
  26  2:23  Probe  
  26  2:27  Warp Gate  
  27  2:30  Adept  
  27  2:36  Probe x2 (Chrono Boost)  
  31  2:46  Probe x2 (Chrono Boost)  
  31  2:51  Probe x2 (Chrono Boost)  
  35  3:01  Phoenix (Chrono Boost)  
  35  3:02  Probe  
  35  3:03  Probe  
  39  3:10  Pylon  
  39  3:14  Probe  
  39  3:15  Probe  
  39  3:18  Oracle (Chrono Boost)  
  44  3:23  Assimilator  
  44  3:26  Assimilator  
  45  3:27  Probe x2  
  46  3:34  Gateway  
  46  3:39  Probe x2  
  48  3:44  Robotics Facility  
  48  3:51  Probe x2  
  50  3:57  Twilight Council  
  50  4:00  Pylon  
  50  4:03  Probe x2  
  52  4:15  Probe x2  
  54  4:22  Gateway x2  
  54  4:30  Pylon  
  54  4:32  Zealot x2  
  60  4:40  Charge  
  60  4:44  Immortal (Chrono Boost)  
  62  4:50  Templar Archives  
  62  5:00  Zealot x2  
  62  5:04  Pylon x2  
  66  5:15  Immortal (Chrono Boost)  
  70  5:25  Probe x2  
  70  5:28  Nexus  
  72  5:30  Pylon  
  72  5:33  High Templar x3  
  72  5:34  High Templar  
  80  5:40  Archon x2, Pylon  
  80  5:41  Warp Prism (Chrono Boost)  
  80  5:46  Probe x2  
  84  5:52  Forge  
  84  5:59  Probe x2  
  84  6:03  Pylon  
  86  6:10  Zealot  
  88  6:13  Zealot x2  
  88  6:14  Sentry  
  88  6:16  Probe x2  
  96  6:19  Observer  
  96  6:21  Protoss Ground Weapons Level 1 (Chrono Boost)  
  96  6:23  Gateway  
  96  6:24  Gateway  
  97  6:30  Probe  
  97  6:31  Probe  
  99  6:39  Psionic Storm  
  99  6:40  Assimilator  
  99  6:42  Probe, Assimilator  
  99  6:43  Probe x2  
  102  6:48  High Templar  
  102  6:49  High Templar  
  106  6:55  Probe  
  106  6:56  Probe  
  106  6:57  Probe  
  109  7:04  Gateway  
  109  7:05  Immortal (Chrono Boost), Gateway  
  109  7:07  Probe  
  114  7:14  Pylon  
  114  7:15  Pylon  
  114  7:20  Photon Cannon  
  114  7:22  Pylon  
  113  7:24  High Templar x2  
  113  7:29  Probe x3  
  120  7:40  Immortal (Chrono Boost)  
  120  7:41  Probe x2  
  120  7:42  Photon Cannon, Probe  
  127  7:44  Pylon  
  127  7:57  Photon Cannon, Gateway  
  127  7:58  Photon Cannon, Gateway  
  127  8:00  Pylon  
  127  8:04  Probe  
  128  8:10  High Templar x4  
  136  8:16  Immortal (Chrono Boost)  
  136  8:17  Archon  
  140  8:23  Nexus  
  140  8:24  Protoss Ground Weapons Level 2 (Chrono Boost)  
  140  8:26  Robotics Facility  
  140  8:27  Pylon  
  140  8:36  Photon Cannon  
  140  8:38  Photon Cannon  
  140  8:49  High Templar x2  
  140  8:50  Zealot x3  
  150  8:56  Archon  
  150  8:57  Pylon  
  150  9:00  Photon Cannon  
  150  9:01  Pylon  
  150  9:14  Immortal x2 (Chrono Boost)  
  158  9:28  Probe x3  
  161  9:35  Photon Cannon  
  161  9:36  Photon Cannon  
  161  9:41  Zealot x2  
  161  9:43  Archon  
  161  9:45  Immortal x2 (Chrono Boost)  
  161  9:46  Zealot  
  161  9:47  Zealot  
  169  10:04  Photon Cannon, High Templar x2  
  169  10:06  Photon Cannon, High Templar x3  
  169  10:07  High Templar  
  181  10:10  Archon x2  
  181  10:14  Zealot x3  
  185  10:19  Archon  
  185  10:20  Immortal (Chrono Boost)  
  184  10:22  Photon Cannon  
  184  10:23  Photon Cannon  
  184  10:25  Immortal (Chrono Boost), Photon Cannon  
  192  10:33  Assimilator  
  192  10:35  Photon Cannon  
  192  10:37  Photon Cannon, Assimilator  
  192  10:38  Pylon  
  192  10:44  High Templar  
  194  10:56  Zealot x6  
  192  11:05  Warp Prism  
  194  11:19  Observer  
  195  11:28  Zealot x2  
  199  11:40  Observer  
  199  11:46  Zealot x2  
  199  11:47  Zealot  
  170  11:55  Zealot x6  
  170  11:56  Zealot  
  182  11:59  Stargate  
Tags
 
Add a new tag
Caveats
  • Supply blocks, unpowered buildings, or Contaminate may cause inaccurate times.
  • Supply counts are checked every 10 seconds.